 Dungeon Crawl Stone Soup version 0.23-a0-270-gab6feb3 (webtiles) character file.

471 tilp the Poker (level 7, -3/48 HPs)
             Began as a Merfolk Ice Elementalist on Oct 1, 2018.
             Shot with an arrow by a centaur (5 damage)
             ... on level 5 of the Dungeon.
             The game lasted 00:13:31 (4933 turns).

tilp the Poker (Merfolk Ice Elementalist)           Turns: 4933, Time: 00:13:32

Health: -3/48      AC:  2    Str:  9      XL:     7   Next: 9%
Magic:  10/10      EV: 13    Int: 13 (16) God:
Gold:   322        SH:  0    Dex: 12 (14) Spells: 4/10 levels left

rFire    . . .     SeeInvis .   b - +3 hunting sling
rCold    . . .     Gourm    .   (no shield)
rNeg     . . .     Faith    .   e - +0 robe
rPois    .         Spirit   .   (no helmet)
rElec    .         Reflect  .   (no cloak)
rCorr    .         Harm     .   (no gloves)
MR       .....                  (no boots)
Stlth    ++........             (no amulet)
HPRegen  0.16/turn              (no ring)
MPRegen  0.12/turn              (no ring)

@: very slightly contaminated, invisible
A: change form in water, swift swim, stealthy swim
a: no special abilities


You were on level 5 of the Dungeon.
You were not hungry.

You visited 1 branch of the dungeon, and saw 5 of its levels.

You collected 322 gold pieces.

Inventory:

Hand Weapons
 a - a +0 spear
 b - a +3 hunting sling (weapon)
Missiles
 g - 3 poisoned tomahawks
 j - 96 stones
 n - 18 sling bullets (quivered)
 t - 2 tomahawks
Armour
 e - a +0 robe (worn)
Jewellery
 o - an uncursed ring of resist corrosion {unknown}
 p - an uncursed amulet of the acrobat {unknown}
Wands
 m - a wand of paralysis (8)
Scrolls
 f - a scroll of random uselessness {unknown}
 h - 2 scrolls of blinking {unknown}
 k - a scroll of fog {unknown}
 l - 3 scrolls of remove curse {unknown}
 s - 5 scrolls of identify {unknown}
 u - a scroll of teleportation {unknown}
Comestibles
 c - 10 rations


   Skills:
 + Level 1.1 Fighting
 * Level 7.2 Polearms
 + Level 3.2 Dodging
 - Level 2.1 Stealth
 - Level 2.0 Spellcasting
 - Level 0.7 Conjurations
 - Level 6.0 Ice Magic


You had 4 spell levels left.
You knew the following spells:

 Your Spells              Type           Power        Failure   Level  Hunger
a - Freeze                Ice            ###.         2%          1    ##.....
b - Throw Frost           Conj/Ice       ##....       10%         2    ###....
c - Ozocubu's Armour      Chrm/Ice       #.......     22%         3    ####...

Your spell library contained the following spells:

 Spells                   Type           Power        Failure   Level  Hunger
 Confusing Touch          Hex            #.....       26%         1    ##.....
 Throw Icicle             Conj/Ice       ##......     54%         4    #####..
 Confuse                  Hex            #.......     58%         3    ####...
 Gell's Gravitas          Tloc           #.........   58%         3    ####...
 Summon Ice Beast         Ice/Summ       #.......     58%         4    #####..
 Petrify                  Tmut/Erth      #.......     94%         4    #####..
 Metabolic Englaciation   Hex/Ice        #.........   90%         5    ######.
 Yara's Violent Unravell  Hex/Tmut       #.........   100%        5    ######.


Dungeon Overview and Level Annotations

Branches:
Dungeon (5/15)
 Temple: D:4-7

Altars:
Dithmenos
Elyvilon
Gozag
Hepliaklqana
Okawaru
Ru
The Shining One

Annotations:
D:3 Sigmund


Message History

Aim: a centaur, wielding a shortbow You shoot a sling bullet.
The sling bullet closely misses the centaur.
Firing (i - inventory. (/) - cycle)
n - 19 sling bullets (quivered)
Press: ? - help, Shift-Dir - straight line, f/p - centaur
Aim: a centaur, wielding a shortbow You shoot a sling bullet.
The sling bullet hits the centaur!
The centaur is heavily wounded.
The centaur shoots an arrow.
The arrow hits you!
* * * LOW HITPOINT WARNING * * *
Firing (i - inventory. (/) - cycle)
n - 18 sling bullets (quivered)
Press: ? - help, Shift-Dir - straight line, f/p - centaur
Aim: a centaur, wielding a shortbow (heavily wounded)
Okay, then.
You fade into invisibility!
The centaur shoots an arrow.
The arrow hits you!
* * * LOW HITPOINT WARNING * * *
You are very lightly contaminated with residual magic.
The centaur shoots an arrow.
The arrow hits you.
You die...

## ##### .#
#######################..... .#
#.....#...............#..... .#
#.....#(..............#..... .#
#.....#..(.c.......<..'(.... .#
#..#+######@###.......#..... ##
###......#(..##.......#.....
#......'............#.....
#......#............#.(...
#<.....#............#.....
########......#........>...#.....
.#.....##.....#............#..(..
........#.....#...####...###
#.......#.....#...####...#


You could see a centaur.

Vanquished Creatures
  A crimson imp (D:5)
  A jelly (D:4)
  A hound (D:5)
  4 orc wizards
  A bullfrog skeleton (D:5)
  Jessica (D:3)
  Terence (D:3)
  A worker ant (D:4)
  6 adders
  2 oozes
  2 worms
  2 leopard geckos
  15 orcs
  2 ball pythons
  4 giant cockroaches
  7 goblins
  6 hobgoblins
  6 jackals
  3 quokkas
  8 bats
  4 frilled lizards
  A jackal skeleton (D:5)
  4 kobolds
  A leopard gecko skeleton (D:4)
  8 rats
  A fungus (D:1)
93 creatures vanquished.

Vanquished Creatures (others)
  An orc wizard (D:4)
  A gnoll (D:5)
  A leopard gecko (D:5)
  An orc (D:5)
4 creatures vanquished.

Grand Total: 97 creatures vanquished

Notes
Turn   | Place    | Note
-------+----------+-------------------------------------------
     0 | D:1      | tilp the Merfolk Ice Elementalist began the quest for the
                  | Orb.
     0 | D:1      | Reached XP level 1. HP: 13/13 MP: 3/3
   211 | D:1      | Reached skill level 1 in Polearms
   266 | D:1      | Reached XP level 2. HP: 19/19 MP: 1/5
   368 | D:1      | Reached skill level 2 in Polearms
   698 | D:1      | Reached XP level 3. HP: 2/24 MP: 1/6
  1299 | D:2      | Found an iron altar of Okawaru.
  1299 | D:2      | Found an opulent altar of Gozag.
  1423 | D:2      | Reached skill level 3 in Polearms
  1806 | D:2      | Found a shadowy altar of Dithmenos.
  1907 | D:3      | Noticed Sigmund
  1982 | D:3      | Reached XP level 4. HP: 28/30 MP: 5/7
  1996 | D:3      | Noticed Terence
  1996 | D:3      | Noticed Jessica
  2009 | D:3      | Killed Terence
  2009 | D:3      | Reached skill level 4 in Polearms
  2174 | D:3      | Killed Jessica
  2233 | D:3      | Reached XP level 5. HP: 35/35 MP: 6/8
  2308 | D:3      | Reached skill level 5 in Ice Magic
  2392 | D:3      | Reached skill level 5 in Polearms
  2863 | D:4      | Found a hazy altar of Hepliaklqana.
  3177 | D:4      | Found a sacrificial altar of Ru.
  3308 | D:4      | Reached XP level 6. HP: 31/41 MP: 7/9
  3402 | D:4      | Found a glowing golden altar of the Shining One.
  3402 | D:4      | Found a white marble altar of Elyvilon.
  3602 | D:4      | Reached skill level 6 in Polearms
  4044 | D:5      | Entered Level 5 of the Dungeon
  4059 | D:4      | Learned a level 2 spell: Throw Frost
  4063 | D:4      | Learned a level 3 spell: Ozocubu's Armour
  4425 | D:5      | Reached skill level 7 in Polearms
  4476 | D:5      | Reached skill level 1 in Fighting
  4476 | D:5      | Reached XP level 7. HP: 44/48 MP: 7/10
  4932 | D:5      | HP: 2/48 [centaur/arrow (8)]
  4933 | D:5      | Shot with an arrow by a centaur

Vault maps used:
D:1:      dpeg_cavernosity
D:2:      overflow_temple_1_default, grunt_temple_overflow_open
D:3:      uniq_jessica, uniq_sigmund, uniq_terence
D:4:      old_standard_altar, gammafunk_temple_overflow_wave,
          nicolae_overflow_crystal_walls, first_ration
D:5:      xom_confusion_cloud, minmay_temple_entry_fiery

Skill      XL: |  1  2  3  4  5  6 |
---------------+-------------------+-----
Polearms       | 1 2 3 4 5 7 |  7.2
Ice Magic      | 4 5 6 |  6.0
Dodging        | 3 |  3.2
Fighting       | 1 |  1.1
Stealth        | |  2.1
Spellcasting   | |  2.0
Conjurations   | |  0.7

Action                   |  1- 3 |  4- 6 |  7- 9 || total
-------------------------+-------+-------+-------++-------
Melee: Spear             |    69 |    15 |       ||    84
       Hunting sling     |       |     1 |       ||     1
 Fire: Hunting sling     |    11 |    95 |    21 ||   127
 Cast: Freeze            |    38 |    53 |     2 ||    93
Evoke: Wand              |       |     3 |       ||     3
  Use: Potion            |     1 |     6 |     1 ||     8
 Stab: Sleeping          |     3 |       |       ||     3
  Eat: Chunk             |     4 |     9 |     1 ||    14
Armor: Robe              |    15 |     8 |     1 ||    24
Dodge: Dodged            |    70 |    47 |     8 ||   125

Table legend:
 A = Non-vault XP
 B = Vault XP
 C = Vault XP percentage of total XP
 D = Non-vault monster count
 E = Vault monster count
 F = Vault count percentage of total count
                 A         B        C        D         E       F
            +---------+---------+-------+---------+---------+-------
      Total |     580 |      94 |  13.9 |      86 |       7 |   7.5
            +---------+---------+-------+---------+---------+-------
        D:1 |      27 |       8 |  22.9 |      18 |       4 |  18.2
        D:2 |      43 |       0 |   0.0 |      16 |       0 |   0.0
        D:3 |     109 |      73 |  40.1 |      20 |       2 |   9.1
        D:4 |     261 |       0 |   0.0 |      23 |       0 |   0.0
        D:5 |     140 |      13 |   8.5 |       9 |       1 |  10.0
            +---------+---------+-------+---------+---------+-------
